 Dungeon Crawl Stone Soup version 0.24-a0-639-gb70a11d811 (webtiles) character file.

Game seed: 16767093586058872612, levelgen mode: deterministic

623 Erlindor the Skirmisher (level 7, 0/47 HPs)
             Began as a Vampire Fighter on Sept 21, 2019.
             Slain by an ogre
             ... wielding a +0 giant club
              (10 damage)
             ... on level 5 of the Dungeon.
             The game lasted 00:14:33 (5174 turns).

Erlindor the Skirmisher (Vampire Fighter)           Turns: 5174, Time: 00:14:33

Health: 0/47       AC:  7    Str: 17    XL:     7   Next: 22%
Magic:  7/7        EV:  6    Int: 11    God:
Gold:   224        SH:  9    Dex: 15    Spells: 6/6 levels left

rFire    . . .     SeeInvis +   a - +0 long sword
rCold    . . .     Gourm    .   c - +0 shield
rNeg     + . .     Faith    .   b - +0 scale mail
rPois    .         Spirit   .   (no helmet)
rElec    .         Reflect  .   i - +0 cloak
rCorr    .         Harm     .   (no gloves)
MR       .....                  (no boots)
Stlth    ..........             (no amulet)
HPRegen  0.35/turn              n - ring of positive energy
MPRegen  0.10/turn              m - +2 ring of dexterity

@: regenerating quickly
A: no food, fangs 3, see invisible, [frail 2], unbreathing
a: Exsanguinate


You were on level 5 of the Dungeon.
You were alive.

You visited 1 branch of the dungeon, and saw 5 of its levels.
You also visited: Sewer.

You collected 224 gold pieces.

Inventory:

Hand Weapons
 a - a +0 long sword (weapon)
Missiles
 g - 12 poisoned darts (quivered)
Armour
 b - a +0 scale mail (worn)
 c - a +0 shield (worn)
 i - a +0 cloak (worn)
Jewellery
 e - an uncursed ring of positive energy
 h - an uncursed ring of magical power
 m - a +2 ring of dexterity (right hand)
 n - a ring of positive energy (left hand)
 v - an uncursed ring of protection from magic {unknown}
Wands
 w - a wand of disintegration (9)
Scrolls
 f - 2 scrolls of identify
 l - 5 scrolls of teleportation
 o - 2 scrolls of magic mapping {unknown}
Potions
 d - a potion of might
 j - a potion of resistance {unknown}
 k - a potion of agility {unknown}
 p - a potion of curing
 q - 2 potions of magic
 r - a potion of brilliance {unknown}
 s - 2 potions of heal wounds {unknown}
 t - a potion of cancellation {unknown}
 u - a potion of haste {unknown}


   Skills:
 * Level 6.4 Fighting
 + Level 4.8 Long Blades
 - Level 2.4 Armour
 - Level 2.6 Shields


You had 6 spell levels left.
You didn't know any spells.
Your spell library was empty.

Dungeon Overview and Level Annotations

Branches:
Dungeon (5/15)              Sewer (visited)
 Temple: D:4-7

Altars:
Ashenzari

Shops:
D:5 }

Annotations:
D:3 1 runed translucent door, Crazy Yiuf
D:5 Grinder


Innate Abilities, Weirdness & Mutations

You do not eat.
Your natural rate of healing is unusually fast.
You have razor-sharp teeth.
You have supernaturally acute eyesight. (SInv)
You can survive without breathing.
[You are very frail. (-20% HP)]


Message History

You block the ogre's attack.
You closely miss the ogre.
The ogre is heavily wounded.
The ogre hits you with a +0 giant club!
You slash the ogre!
The ogre is severely wounded.
You block the ogre's attack.
You hit the ogre.
The ogre is almost dead.
The ogre hits you with a +0 giant club!!
You hit the ogre but do no damage.
The ogre is almost dead.
The ogre hits you but does no damage.
You hit the ogre but do no damage.
The ogre is almost dead.
The ogre hits you with a +0 giant club!
* * * LOW HITPOINT WARNING * * *
It was a potion of curing.
You feel better. The ogre hits you with a +0 giant club!
You die...

.....##...#.....##+##
#.. .....#....#.....#
#.. .....#....+.....#
#..
.....####.#.....###
.. ####.. #.####....#
#.. #....'....#
#....#....# .
#....#....#
...######.O@.#+#
...O...............
...................
..................%
...................
.#####+############


You could see an ogre.

Vanquished Creatures
  A hungry ghost (D:4)
  A black bear (D:4)
  A centaur (D:5)
  A hound (D:4)
  An iguana (D:4)
  2 worker ants
  7 adders
  3 gnolls (D:4)
  5 river rats
  An ooze (D:2)
  An adder skeleton (D:5)
  5 dart slugs
  A leopard gecko (D:2)
  An orc (D:4)
  5 giant cockroaches
  5 goblins
  6 hobgoblins
  A jackal (D:1)
  8 ball pythons
  4 bats
  10 frilled lizards
  2 jackal skeletons
  4 kobolds
  16 rats
92 creatures vanquished.

Notes
Turn   | Place    | Note
-------+----------+-------------------------------------------
     0 | D:1      | Erlindor the Vampire Fighter began the quest for the Orb.
     0 | D:1      | Reached XP level 1. HP: 17/17 MP: 1/1
   199 | D:1      | Reached skill level 3 in Fighting
   199 | D:1      | Reached XP level 2. HP: 24/24 MP: 2/2
   532 | D:1      | Reached XP level 3. HP: 13/23 MP: 3/3
  1130 | D:2      | Reached skill level 4 in Fighting
  1130 | D:2      | Reached XP level 4. HP: 25/25 MP: 4/4
  1716 | D:3      | Found a shattered altar of Ashenzari.
  2342 | D:3      | Found a faded altar of an unknown god.
  2587 | D:3      | Found a runed translucent door.
  2588 | D:3      | Noticed Crazy Yiuf
  2866 | D:4      | Found a glowing drain.
  2881 | Sewer    | Entered a sewer
  2915 | Sewer    | Reached XP level 5. HP: 20/30 MP: 5/5
  3843 | D:4      | Reached skill level 5 in Fighting
  3931 | D:4      | Noticed a black bear
  4187 | D:4      | Killed a black bear
  4187 | D:4      | Reached XP level 6. HP: 24/35 MP: 6/6
  4490 | D:5      | Entered Level 5 of the Dungeon
  4657 | D:5      | Noticed Grinder
  4658 | D:5      | Paralysed by Grinder for 6 turns
  4677 | D:4      | Reached skill level 6 in Fighting
  4785 | D:5      | Noticed a hungry ghost
  4887 | D:4      | Killed a hungry ghost
  4887 | D:4      | Reached XP level 7. HP: 41/47 MP: 7/7
  5041 | D:5      | Found Nadiecyo's Gadget Shoppe.
  5173 | D:5      | HP: 1/47 [ogre/+0 giant club (14)]
  5174 | D:5      | Slain by an ogre

Levels and vault maps discovered:
D:1:      dpeg_arrival_simpleton_b, layout_basic, st_stairs_10
D:2:      layout_rooms, wander_ebering_terrifying_dragon_lair
D:3:      layout_basic, nicolae_overflow_hidden_temple,
          chequers_ecumenical_altar_island, uniq_crazy_yiuf_cottage
D:4:      layout_cave_pools, portal_sewer_entry_e
D:5:      layout_gridville, serial_shops, shop, first_ration, uniq_grinder

Skill      XL: |  1  2  3  4  5  6 |
---------------+-------------------+-----
Fighting       | 3 4 5 6 |  6.4
Long Blades    | 3 4 |  4.8
Armour         | |  2.4
Shields        | |  2.6

Action                   |  1- 3 |  4- 6 |  7- 9 || total
-------------------------+-------+-------+-------++-------
Melee: Long sword        |   115 |   228 |    17 ||   360
       Bite              |    10 |    16 |     2 ||    28
 Abil: Exsanguinate      |     3 |     3 |       ||     6
       Revivify          |     3 |     3 |       ||     6
  Use: Scroll            |       |     7 |       ||     7
       Potion            |       |     1 |     1 ||     2
 Stab: Invisible         |       |     3 |       ||     3
Armor: Scale mail        |    71 |    96 |     1 ||   168
Dodge: Dodged            |    42 |    57 |     2 ||   101
Block: Shield            |    61 |   114 |     9 ||   184
       Rpst.: Long sword |    11 |    18 |     1 ||    30

Table legend:
 A = Non-vault XP
 B = Vault XP
 C = Vault XP percentage of total XP
 D = Non-vault monster count
 E = Vault monster count
 F = Vault count percentage of total count
                 A         B        C        D         E       F
            +---------+---------+-------+---------+---------+-------
      Total |     793 |      98 |  11.0 |      62 |      30 |  32.6
            +---------+---------+-------+---------+---------+-------
        D:1 |      41 |       5 |  10.9 |      19 |       4 |  17.4
        D:2 |      97 |       3 |   3.0 |      22 |       1 |   4.3
        D:3 |      56 |       0 |   0.0 |       7 |       0 |   0.0
        D:4 |     437 |      22 |   4.8 |       9 |       8 |  47.1
        D:5 |     162 |       0 |   0.0 |       5 |       0 |   0.0
      Sewer |       0 |      68 | 100.0 |       0 |      17 | 100.0
            +---------+---------+-------+---------+---------+-------
